 Dungeon Crawl Stone Soup version 0.31-a0-182-gc5ef74bbde (webtiles) character file.

Game seed: 10506104420297286314

177 qw the Shield-Bearer (level 5, -3/32 HPs)
             Began as a Gargoyle Fighter on June 21, 2023.
             Slain by an orc priest
             ... wielding a +0 hand axe
              (5 damage)
             ... on level 3 of the Dungeon.
             The game lasted 00:01:06 (1775 turns).

qw the Shield-Bearer (Gargoyle Fighter)             Turns: 1775, Time: 00:01:07

Health: -3/32      AC: 10    Str: 21    XL:     5   Next: 57%
Magic:  5/5        EV: 13    Int:  9    God:
Gold:   157        SH:  8    Dex:  9    Spells: 4/4 levels left

rFire   . . .        Y - +1 war axe
rCold   . . .        m - +0 kite shield
rNeg    + . .        b - +0 scale mail
rPois   inf          (no helmet)
rElec   +            (no cloak)
rCorr   .            (no gloves)
SInv    .            (no boots)
Will    .....        (no amulet) Stlth
                     j - +5 ring of evasion
HPRegen 0.25/turn    (no ring)
MPRegen 0.09/turn

%: no passive effects
@: no status effects
A: sickness immunity, AC +4, negative energy resistance 1, electricity
resistance, torment resistance 1, petrification resistance, screaming 1
a: no special abilities


You were on level 3 of the Dungeon.
You visited 1 branch of the dungeon, and saw 3 of its levels.

You collected 157 gold pieces.


Innate Abilities, Weirdness & Mutations

You are immune to sickness and miasma.
Your stone body is resilient. (AC +4)
You are immune to poison.
You resist negative energy. (rN+)
You are resistant to electric shocks. (rElec)
You are resistant to unholy torment.
You are immune to petrification.
You occasionally shout uncontrollably at your foes.


   Skills:
 - Level 3.2 Fighting
 - Level 4.1 Axes
 - Level 3.2 Armour
 + Level 4.9 Shields


You had 4 spell levels left.
You didn't know any spells.
Your spell library was empty.

Inventory:

Hand Weapons
 e - a +0 mace
 Y - a +1 war axe (weapon)
Armour
 b - a +0 scale mail (worn)
 m - a +0 kite shield (worn)
Jewellery
 j - a +5 ring of evasion (left hand)
Scrolls
 c - a scroll of identify
Potions
 a - a potion of curing {unknown}
 d - a potion of might
 f - a potion of invisibility {unknown}
 g - a potion of degeneration {unknown}
 h - a potion of haste {unknown}
 i - a potion of mutation
 l - a potion of brilliance {unknown}
 n - a potion of attraction {unknown}
 o - a potion of berserk rage {unknown}

Dungeon Overview and Level Annotations

Branches:
Dungeon (3/15)

Altars:
Ashenzari


Message History

The orc priest is almost dead.
You hit the orc priest but do no damage.
The orc priest closely misses you. The orc priest barely misses you.
You block the orc priest's attack. The orc priest closely misses you.
You hit the orc priest.
The orc priest is almost dead.
You barely miss the orc priest.
The orc priest hits you but does no damage.
You block the orc priest's attack.
You hit the orc priest.
You kill the orc priest!
You hit the orc priest. The orc priest misses you.
You block the orc priest's attack.
You hit the orc priest but do no damage.
The orc priest is lightly wounded.
The orc priest barely misses you.
You closely miss the orc priest.
The orc priest is lightly wounded.
You block the orc priest's attack.
You barely miss the orc priest.
The orc priest is lightly wounded.
The orc priest calls down the wrath of Beogh upon you.
Pain shoots through your body! You block the orc priest's attack.
You barely miss the orc priest.
The orc priest hits you with a +0 hand axe.
You completely miss the orc priest.
The orc priest calls down the wrath of Beogh upon you.
Beogh smites you!
Ouch! That really hurt!
The orc priest closely misses you.
You barely miss the orc priest. You block the orc priest's attack.
You hit the orc priest.
The orc priest is lightly wounded.
The orc priest invokes the aid of Beogh against you.
Beogh smites you! You block the orc priest's attack.
You barely miss the orc priest.
The orc priest is lightly wounded.
The orc priest hits you with a +0 hand axe.
You die...

#....#.............#..# #
. #..................#..#
#...##..#####.##......#.#
#.#...#...#.##
#.#...#......#
..#.#.......##.
................
.#..###.#...#... ##.
#@).)#.#### . #o).......
. #.........
#.....)#...#.##.#
.._....'...#.# .#
..o....#...# #
....B.#...... ......
......# ..#... #.......


You could see an orc priest.

Vanquished Creatures
  2 orc priests (D:3)
  Natasha (D:3)
  4 adders
  A dart slug (D:1)
  2 orcs (D:3)
  7 ball pythons
  6 endoplasms
  3 giant cockroaches
  10 goblins
  4 hobgoblins
  2 quokkas (D:2)
  A bat (D:1)
  2 frilled lizards
  6 kobolds
  4 rats
55 creatures vanquished.

Notes
Turn   | Place    | Note
-------+----------+-------------------------------------------
     0 | D:1      | qw the Gargoyle Fighter began the quest for the Orb.
     0 | D:1      | Reached XP level 1. HP: 14/14 MP: 1/1
     0 | D:1      | 0 ||| qw: Version: 0.3-a-9-g12657ce
     0 | D:1      | 0 ||| qw: Game counter: 1612
     0 | D:1      | 0 ||| qw: Always use a shield: true
     0 | D:1      | 0 ||| qw: God list: Okawaru
     0 | D:1      | 0 ||| qw: Allow faded altars: false
     0 | D:1      | 0 ||| qw: Do Orc after D:15 true
     0 | D:1      | 0 ||| qw: Do second Lair branch before Depths: true
     0 | D:1      | 0 ||| qw: Lair rune preference: random
     0 | D:1      | 0 ||| qw: Plans: Normal, Zot:1-4, Slime:5, God:TSO, Crypt,
                  | Tomb, Abyss, Pan, Hells, Win
     0 | D:1      | 0 ||| PLANNING D:1-11
    58 | D:1      | Reached XP level 2. HP: 16/19 MP: 2/2
    59 | D:1      | 59 ||| FLEEEEING.
   140 | D:1      | 140 ||| Stepping ~*~*~tactically~*~*~ (stealth).
   148 | D:1      | 148 ||| Stepping ~*~*~tactically~*~*~ (stealth).
   281 | D:1      | Reached skill level 3 in Axes
   289 | D:1      | 289 ||| Stepping ~*~*~tactically~*~*~ (hiding).
   290 | D:1      | 290 ||| Stepping ~*~*~tactically~*~*~ (hiding).
   410 | D:1      | Reached XP level 3. HP: 23/23 MP: 3/3
   561 | D:1      | 561 ||| UPGRADING to +5 ring of evasion.
   562 | D:1      | 562 ||| READING scroll labelled OFFISK GOBASO.
   563 | D:1      | 563 ||| READING scroll labelled AJYIMNIXIR.
   564 | D:1      | 564 ||| READING scroll labelled HOSEJABULE.
   568 | D:1      | 568 ||| READING scroll labelled DUIDGH ZATHROTE.
   855 | D:2      | 855 ||| Stepping ~*~*~tactically~*~*~ (stealth).
   856 | D:2      | 856 ||| Stepping ~*~*~tactically~*~*~ (stealth).
   896 | D:2      | Found a broken altar of Ashenzari.
  1107 | D:2      | Reached XP level 4. HP: 28/28 MP: 4/4
  1278 | D:2      | 1278 ||| UPGRADING to +0 kite shield.
  1288 | D:2      | 1288 ||| DROPPING +0 buckler.
  1289 | D:2      | 1289 ||| READING scroll labelled LUTAHY ORGHA.
  1290 | D:2      | 1290 ||| READING scroll labelled TOUSKIRGHUMPI.
  1291 | D:2      | 1291 ||| DRINKING 2 glowing golden potions.
  1291 | D:2      | Gained mutation: You occasionally shout uncontrollably at
                  | your foes. [potion of mutation]
  1317 | D:3      | Identified the +1 dagger of the Tomato {elec, Int+3 Stlth+}
  1352 | D:3      | 1352 ||| Stepping ~*~*~tactically~*~*~ (hiding).
  1507 | D:3      | Noticed Natasha
  1508 | D:3      | 1508 ||| FLEEEEING.
  1509 | D:3      | 1509 ||| FLEEEEING.
  1510 | D:3      | 1510 ||| FLEEEEING.
  1511 | D:3      | 1511 ||| FLEEEEING.
  1513 | D:3      | 1513 ||| FLEEEEING.
  1514 | D:3      | 1514 ||| FLEEEEING.
  1515 | D:3      | 1515 ||| FLEEEEING.
  1516 | D:3      | 1516 ||| FLEEEEING.
  1518 | D:3      | 1518 ||| FLEEEEING.
  1519 | D:3      | 1519 ||| FLEEEEING.
  1520 | D:3      | 1520 ||| FLEEEEING.
  1521 | D:3      | 1521 ||| FLEEEEING.
  1522 | D:3      | 1522 ||| FLEEEEING.
  1523 | D:3      | 1523 ||| FLEEEEING.
  1524 | D:3      | 1524 ||| FLEEEEING.
  1525 | D:3      | 1525 ||| FLEEEEING.
  1526 | D:3      | 1526 ||| FLEEEEING.
  1527 | D:3      | 1527 ||| STAIRDANCE
  1584 | D:2      | 1584 ||| READING scroll labelled BUTIDOARIG.
  1599 | D:3      | Killed Natasha
  1600 | D:3      | Reached XP level 5. HP: 14/32 MP: 5/5
  1667 | D:3      | 1667 ||| Stepping ~*~*~tactically~*~*~ (stealth).
  1668 | D:3      | 1668 ||| Stepping ~*~*~tactically~*~*~ (stealth).
  1710 | D:3      | Found a faded altar of an unknown god.
  1711 | D:3      | 1711 ||| Stepping ~*~*~tactically~*~*~ (hiding).
  1713 | D:3      | 1713 ||| Stepping ~*~*~tactically~*~*~ (hiding).
  1745 | D:3      | 1745 ||| Stepping ~*~*~tactically~*~*~ (stealth).
  1747 | D:3      | 1747 ||| Stepping ~*~*~tactically~*~*~ (stealth).
  1749 | D:3      | 1749 ||| Stepping ~*~*~tactically~*~*~ (hiding).
  1750 | D:3      | 1750 ||| Stepping ~*~*~tactically~*~*~ (hiding).
  1774 | D:3      | HP: 1/32 [orc priest/divine providence (10)]
  1775 | D:3      | Slain by an orc priest

Levels and vault maps discovered:
D:1:      saegor_arrival_simple_b, layout_rooms
D:2:      layout_basic, basic_altar
D:3:      layout_basic, hellmonk_ecumenical_altar_blasted, uniq_natasha

Skill      XL: |  1  2  3  4 |
---------------+-------------+-----
Axes           | 2 3 4 |  4.1
Shields        | 4 |  4.9
Fighting       | |  3.2
Armour         | |  3.2

Action                     |  1- 3 |  4- 6 || total
---------------------------+-------+-------++-------
  Melee: War axe           |   107 |    60 ||   167
    Use: Scroll            |     4 |     3 ||     7
         Potion            |       |     1 ||     1
 Armour: Scale mail        |    42 |    17 ||    59
  Dodge: Dodged            |    71 |    29 ||   100
  Block: Buckler           |    17 |       ||    17
         Kite shield       |       |    24 ||    24

Table legend:
 A = Non-vault XP
 B = Vault XP
 C = Vault XP percentage of total XP
 D = Non-vault monster count
 E = Vault monster count
 F = Vault count percentage of total count
                 A         B        C        D         E       F
            +---------+---------+-------+---------+---------+-------
      Total |     219 |      35 |  13.8 |      54 |       1 |   1.8
            +---------+---------+-------+---------+---------+-------
        D:1 |      41 |       0 |   0.0 |      23 |       0 |   0.0
        D:2 |      42 |       0 |   0.0 |      19 |       0 |   0.0
        D:3 |     136 |      35 |  20.5 |      12 |       1 |   7.7
            +---------+---------+-------+---------+---------+-------
